 Dungeon Crawl Stone Soup version 0.28-a0-1387-g3a22ab9bdc (webtiles) character file.

Game seed: 13291540420703782590

23449 RepHenryClay the Impaler (level 13, -4/98 HPs)
             Began as a Merfolk Gladiator on Jan 2, 2022.
             Was an Initiate of Gozag.
             Slain by a skeletal warrior (22 damage)
             ... led by a skeletal warrior
             ... on level 12 of the Dungeon.
             The game lasted 00:31:49 (18587 turns).

RepHenryClay the Impaler (Merfolk Gladiator)       Turns: 18587, Time: 00:31:49

Health: -4/98      AC: 16    Str: 16    XL:     13   Next: 6%
Magic:  13/13      EV: 21    Int:  7    God:    Gozag
Gold:   215        SH:  0    Dex: 25    Spells: 12/12 levels left

rFire   . . .      SeeInvis .   s - +4 glaive (freeze)
rCold   + . .      Faith    .   (shield currently unavailable)
rNeg    + . .      Spirit   .   M - +3 pearl dragon scales
rPois   .          Reflect  .   x - +0 helmet
rElec   .          Harm     .   (no cloak)
rCorr   .          Rampage  .   e - +0 pair of gloves
Will    .....                   (no boots)
Stlth   ..........              (no amulet)
HPRegen 0.26/turn               F - ring of protection from cold
MPRegen 0.13/turn               v - +6 ring of dexterity

@: no status effects
A: (nimble swimmer 2), mertail
a: Renounce Religion, Potion Petition, Call Merchant, Bribe Branch


You were on level 12 of the Dungeon.
You worshipped Gozag.
Gozag was aware of your devotion.
You visited 3 branches of the dungeon, and saw 14 of its levels.
You also visited: Bailey.

You collected 2108 gold pieces.
You spent 1300 gold pieces at shops.
You paid 593 gold pieces to Gozag.

Inventory:

Hand Weapons
 a - a +1 trident
 g - a +0 bardiche
 j - a +1 whip of venom
 s - a +4 glaive of freezing (weapon)
Missiles
 n - 57 poisoned darts
 Q - a curare-tipped dart (quivered)
Armour
 e - a +0 pair of gloves (worn)
 l - a +1 scale mail of willpower
 r - a +2 plate armour of cold resistance
 x - a +0 helmet (worn)
 J - a +0 buckler
 M - +3 pearl dragon scales (worn)
Jewellery
 m - a ring of positive energy
 v - a +6 ring of dexterity (right hand)
 F - a ring of protection from cold (left hand)
Wands
 c - a wand of acid (1)
 A - a wand of paralysis (15)
 B - a wand of iceblast (8)
 E - a wand of charming (3)
 H - a wand of flame (23)
 I - a wand of mindburst (8)
Scrolls
 h - 2 scrolls of fear {unknown}
 i - 2 scrolls of immolation
 k - 3 scrolls of teleportation
 q - 3 scrolls of fog
 u - a scroll of magic mapping
 C - 2 scrolls of enchant weapon
 N - 2 scrolls of enchant armour
 P - a scroll of identify {@r1}
Potions
 b - a potion of cancellation
 d - 2 potions of lignification
 f - 6 potions of curing {unknown}
 o - 2 potions of haste
 p - a potion of flight {unknown}
 t - 2 potions of ambrosia
 w - 4 potions of mutation
 z - 2 potions of attraction
 D - 2 potions of heal wounds
 G - 2 potions of brilliance {unknown}
 K - a potion of berserk rage {unknown}
 L - a potion of magic {unknown}
Miscellaneous
 y - a box of beasts (inert)


   Skills:
 - Level 8.1 Fighting
 + Level 18.3 Polearms
 - Level 2.0 Throwing
 - Level 2.7 Armour
 - Level 16.5 Dodging
 - Level 5.3 Shields
 - Level 7.0 Evocations


You had 12 spell levels left.
You didn't know any spells.
Your spell library contained the following spells:

 Spells                   Type           Power      Damage    Failure   Level
 Animate Skeleton         Necr           0%         N/A       91%         1
 Beastly Appendage        Tmut           0%         N/A       91%         1
 Foxfire                  Conj/Fire      0%         2x1d4     91%         1
 Pain                     Necr           0%         1d4       91%         1
 Slow                     Hex            0%         N/A       91%         1
 Ensorcelled Hibernation  Hex/Ice        0%         N/A       97%         2
 Wereblood                Tmut           0%         N/A       97%         2
 Confusing Touch          Hex            0%         N/A       100%        3
 Conjure Flame            Conj/Fire      0%         6-21      100%        3
 Inner Flame              Hex/Fire       0%         N/A       100%        3
 Spider Form              Tmut/Pois      0%         N/A       100%        3
 Vampiric Draining        Necr           0%         2d6       100%        3
 Airstrike                Air            0%         N/A       100%        4
 Animate Armour           Summ/Erth      0%         N/A       100%        4
 Flame Wave               Conj/Fire      0%         2d4       100%        4
 Petrify                  Tmut/Erth      0%         N/A       100%        4
 Summon Lightning Spire   Summ/Air       0%         N/A       100%        4
 Alistair's Intoxication  Tmut/Pois      0%         N/A       100%        5
 Blade Hands              Tmut           0%         N/A       100%        5
 Borgnjor's Vile Clutch   Necr/Erth      0%         N/A       100%        5
 Lightning Bolt           Conj/Air       0%         1d11      100%        5
 Metabolic Englaciation   Hex/Ice        0%         N/A       100%        5
 Eringya's Noxious Bog    Tmut/Pois      0%         N/A       100%        6
 Iron Shot                Conj/Erth      0%         9d1       100%        6
 Statue Form              Tmut/Erth      0%         N/A       100%        6


Dungeon Overview and Level Annotations

Branches:
Dungeon (12/15)            Temple (1/1) D:6            Lair (1/6) D:11
    Orc (0/2) D:11         Bailey (visited)

Altars:
Ashenzari
Cheibriados
Dithmenos
Elyvilon
Fedhas
Gozag
Hepliaklqana
Kikubaaqudgha
Makhleb
Nemelex Xobeh
Okawaru
Qazlal
Ru
Sif Muna
Trog
Uskayaw
Vehumet
Wu Jian
Xom
Yredelemnul
Zin
The Shining One

Shops:
D:2 :   D:4 [

Annotations:
D:10 unfinished, exclusion: ice statue


Innate Abilities, Weirdness & Mutations

((You are very nimble when in or above water. (Stealth+, EV+, Speed+++)))
Your lower body shifts to a powerful aquatic tail in water.


Message History

The skeletal warrior misses you.
You hit the skeletal warrior but do no damage.
The skeletal warrior is lightly damaged.
You slash the skeletal warrior! You freeze the skeletal warrior.
The skeletal warrior is moderately damaged.
The skeletal warrior misses you.
You hit the skeletal warrior.
The skeletal warrior is moderately damaged.
The skeletal warrior hits you with a +0 trident!
Huge Dmg: -13%(-12hp) hp: 43%(42hp)
You slash the skeletal warrior! You freeze the skeletal warrior.
The skeletal warrior is heavily damaged.
The skeletal warrior hits you but does no damage.
You hit the skeletal warrior.
The skeletal warrior is heavily damaged.
The skeletal warrior hits you with a +0 trident.
* * * LOW HITPOINT WARNING * * *
Damage: -3%(-3hp) hp: 40%(39hp)
You slash the skeletal warrior! You freeze the skeletal warrior.
The skeletal warrior is heavily damaged.
You slash the skeletal warrior! You freeze the skeletal warrior.
The skeletal warrior is severely damaged.
The skeletal warrior hits you but does no damage.
Unknown command.
You hit the skeletal warrior.
The skeletal warrior is severely damaged.
The skeletal warrior hits you with a +0 trident!
* * * LOW HITPOINT WARNING * * *
Huge Dmg: -12%(-12hp) hp: 29%(28hp)
You hit the skeletal warrior but do no damage.
The skeletal warrior is severely damaged.
The skeletal warrior hits you with a +0 trident!
* * * LOW HITPOINT WARNING * * *
Huge Dmg: -11%(-11hp) hp: 18%(17hp)
You hit the skeletal warrior but do no damage.
The skeletal warrior is severely damaged.
The skeletal warrior barely misses you.
The skeletal warrior hits you from afar with a +0 trident!!
You die...
Your body crumbles into a pile of gold.

#### ########## #..# #....<...##
######..# #..........
........#################...z......
#.......................).z.z......
#........).........................
#..................................
#........(....).................$..
#........######..@..........#######
#........# #....z........
#........# #.######......
#........# #.# ...... .........+
#.# ..... #.# #.# ..# .####### ..
........


You could see a skeletal warrior.

Vanquished Creatures
  Frances (D:11)
  A boulder beetle (D:10)
  An ice dragon (D:10)
  A hydra (D:11)
  A centaur warrior (D:9)
  7 two-headed ogres
  3 skeletal warriors
  Pikel (D:7)
  A deep elf pyromancer (Bailey)
  3 cyclopes (D:12)
  An oklob plant (D:11)
  A komodo dragon (Lair:1)
  3 trolls
  A hornet (D:11)
  A wyvern (D:9)
  13 yaks
  2 shadows
  4 wraiths
  8 vampire mosquitoes
  A water moccasin (D:7)
  Edmund (D:6)
  10 orc warriors
  20 ice beasts
  4 sky beasts
  2 necrophages
  5 ogres
  6 centaurs
  3 lemures (D:7)
  A phantom (D:6)
  2 kobold brigands (D:9)
  9 bullfrogs
  A wyvern zombie (D:7)
  3 scorpions
  8 wights
  4 electric eels (D:10)
  4 howler monkeys
  4 centaur zombies
  A jelly (D:5)
  4 orc priests
  A bullfrog skeleton (D:6)
  4 hounds
  3 iguanas
  3 orc wizards
  12 adders
  A shadow imp (D:8)
  3 white imps
  An adder zombie (D:5)
  2 dart slugs
  3 worms
  30 orcs
  A bat (D:2)
  6 endoplasms
  9 goblins
  11 hobgoblins
  3 jackals (D:3)
  15 kobolds
  5 quokkas
  4 ball pythons
  2 rats (D:3)
266 creatures vanquished.

Vanquished Creatures (others)
  An orc knight (Bailey)
  A vampire mosquito (D:12)
  33 plants
35 creatures vanquished.

Grand Total: 301 creatures vanquished

Notes
Turn   | Place    | Note
-------+----------+-------------------------------------------
     0 | D:1      | RepHenryClay the Merfolk Gladiator began the quest for the
                  | Orb.
     0 | D:1      | Reached XP level 1. HP: 16/16 MP: 1/1
    24 | D:1      | Found a faded altar of an unknown god.
   184 | D:1      | Reached XP level 2. HP: 22/22 MP: 2/2
   617 | D:2      | Reached skill level 5 in Polearms
   733 | D:2      | Reached XP level 3. HP: 13/27 MP: 3/3
   741 | D:2      | Reached skill level 5 in Dodging
  1589 | D:2      | Found Toquvimp's Book Shop.
  1595 | D:2      | Reached XP level 4. HP: 30/33 MP: 4/4
  1889 | D:3      | Reached skill level 6 in Polearms
  2006 | D:3      | Noticed a sky beast
  2070 | D:2      | Killed a sky beast
  2071 | D:2      | Reached XP level 5. HP: 13/38 MP: 5/5
  3009 | D:4      | Noticed a necrophage
  3019 | D:3      | Killed a necrophage
  3020 | D:3      | Reached skill level 7 in Polearms
  3020 | D:3      | Reached XP level 6. HP: 36/44 MP: 6/6
  3199 | D:4      | Reached skill level 8 in Polearms
  3853 | D:4      | Reached XP level 7. HP: 26/50 MP: 7/7
  4120 | D:4      | Found Piers Shonks's Dragon-Slaying Spoils.
  4265 | D:4      | Found a glowing golden altar of the Shining One.
  4304 | D:5      | Entered Level 5 of the Dungeon
  4576 | D:5      | Reached skill level 9 in Polearms
  5103 | D:4      | Reached skill level 10 in Polearms
  5103 | D:4      | Reached XP level 8. HP: 50/56 MP: 8/8
  5673 | D:5      | Reached skill level 10 in Dodging
  5884 | D:5      | Reached skill level 11 in Polearms
  6592 | D:6      | Noticed a two-headed ogre
  6609 | D:6      | Killed a two-headed ogre
  6610 | D:6      | Reached skill level 12 in Polearms
  6610 | D:6      | Reached XP level 9. HP: 61/61 MP: 9/9
  6696 | D:6      | Reached skill level 13 in Polearms
  6822 | D:6      | Noticed Edmund
  6824 | D:6      | Found a snail-covered altar of Cheibriados.
  6845 | D:6      | Killed Edmund
  7153 | D:6      | Found a staircase to the Ecumenical Temple.
  7230 | Temple   | Entered the Ecumenical Temple
  7458 | Temple   | Became a worshipper of Gozag Ym Sagoz the Greedy
  7851 | D:7      | Reached skill level 14 in Polearms
  8464 | D:7      | Reached XP level 10. HP: 67/67 MP: 10/10
  8500 | D:7      | Noticed Pikel
  8585 | D:7      | Killed Pikel
  8987 | D:8      | Reached skill level 15 in Polearms
  9405 | D:8      | Noticed a two-headed ogre
  9842 | D:8      | Killed a two-headed ogre
  9867 | D:8      | Noticed a two-headed ogre
  9879 | D:8      | Killed a two-headed ogre
 10079 | D:9      | Found a flagged portal.
 10175 | Bailey   | Entered a bailey
 10404 | Bailey   | Reached skill level 5 in Fighting
 10404 | Bailey   | Reached skill level 15 in Dodging
 10704 | Bailey   | Found a large runed translucent door.
 10704 | Bailey   | Found a large runed translucent door.
 10705 | Bailey   | Noticed a deep elf pyromancer
 10707 | Bailey   | Noticed an orc knight
 11148 | Bailey   | Killed a deep elf pyromancer
 11149 | Bailey   | Reached XP level 11. HP: 73/81 MP: 11/11
 11162 | Bailey   | Identified the +3 leather armour of Honesty {Int+3}
 11404 | D:9      | Found an iron altar of Okawaru.
 11873 | D:9      | Noticed a centaur warrior
 11905 | D:9      | Killed a centaur warrior
 12716 | D:10     | Entered Level 10 of the Dungeon
 12811 | D:10     | Noticed a two-headed ogre
 12829 | D:10     | Killed a two-headed ogre
 12851 | D:10     | Identified the +4 scale mail of the Wumpus {Fly}
 13174 | D:10     | Reached skill level 5 in Evocations
 13427 | D:10     | Noticed a boulder beetle
 13447 | D:10     | Killed a boulder beetle
 14459 | D:10     | Reached skill level 1 in Shields
 14479 | D:10     | Reached XP level 12. HP: 68/91 MP: 12/12
 14657 | D:10     | Noticed an ice dragon
 14667 | D:10     | Killed an ice dragon
 14818 | D:10     | Noticed a frost giant
 15196 | D:4      | Bought +2 pearl dragon scales for 1300 gold pieces
 15384 | D:11     | Noticed a two-headed ogre
 15406 | D:10     | Killed a two-headed ogre
 15440 | D:11     | Reached skill level 5 in Shields
 15861 | D:11     | Noticed a seven-headed hydra
 15867 | D:11     | Killed a seven-headed hydra
 15868 | D:11     | Reached skill level 1 in Armour
 15966 | D:11     | Found a staircase to the Orcish Mines.
 15973 | D:11     | Noticed a two-headed ogre
 16006 | D:11     | Killed a two-headed ogre
 16202 | D:11     | Found a staircase to the Lair.
 16830 | Lair:1   | Entered Level 1 of the Lair of Beasts
 17112 | D:12     | Noticed a two-headed ogre
 17115 | D:12     | Noticed Frances
 17302 | D:11     | Killed a two-headed ogre
 17615 | D:11     | Noticed a soul eater
 17617 | D:11     | Killed Frances
 17618 | D:11     | Reached skill level 16 in Polearms
 18066 | D:12     | Reached skill level 17 in Polearms
 18387 | D:12     | Reached XP level 13. HP: 90/98 MP: 13/13
 18473 | D:12     | Reached skill level 18 in Polearms
 18587 | D:12     | Slain by a skeletal warrior

Illustrated notes

Levels and vault maps discovered:
D:1:      lightli_arrival_windingriver, layout_rooms,
          hellmonk_ecumenical_altar_run_dry, serial_bayou_crossing
D:2:      layout_basic, serial_shops, shop_statue, hangedman_decor_peaks_small,
          guppyfry_early_lair_pool
D:3:      layout_basic, hangedman_decor_points
D:4:      layout_loops_cross, nicolae_tso_swordbearing_angel,
          nicolae_shop_dragon_depot, dk_vineyard_3
D:5:      minmay_evil_eye, layout_basic
D:6:      layout_cave_pools, mainiacjoe_overflow_concentric_impassable,
          minmay_temple_entry_enclosed_plants, grunt_ministairs_8, uniq_edmund
D:7:      wander_river, layout_cave_pods, serial_bayou_lagoon_a, uniq_pikel
D:8:      layout_basic
D:9:      layout_loops_ring, mainiacjoe_overflow_small_starburst, enter_bailey_5
D:10:     minmay_twisted_water, layout_basic
D:11:     layout_loops_ring, dpeg_oklobed_lair
D:12:     layout_irregular_city, uniq_frances
Temple:   mainiacjoe_temple_bowtie_tessellation
Lair:1:   layout_roguey, gammafunk_lair_bear_cave

Skill      XL: |  1  2  3  4  5  6  7  8  9 10 11 12 13 |
---------------+----------------------------------------+-----
Polearms       | 5 6 7 8 10 12 14 15 17 18 | 18.3
Dodging        | 5 6 7 9 11 13 15 16 | 16.5
Fighting       | 6 7 8 |  8.1
Evocations     | 7 |  7.0
Shields        | 1 5 |  5.3
Armour         | 2 |  2.7
Throwing       | |  2.0

Action                   |  1- 3 |  4- 6 |  7- 9 | 10-12 | 13-15 || total
-------------------------+-------+-------+-------+-------+-------++-------
Melee: Trident           |   110 |   136 |   377 |  1064 |       ||  1687
       Tailslap          |       |     3 |     6 |     2 |       ||    11
       Glaive            |       |       |       |    58 |    39 ||    97
Throw: Dart              |       |     2 |    14 |    29 |       ||    45
       Throwing net      |       |     1 |     2 |       |       ||     3
Invok: Potion Petition   |       |       |       |     1 |       ||     1
Evoke: Wand              |       |       |       |    25 |       ||    25
       Box of beasts     |       |       |       |     1 |       ||     1
  Use: Scroll            |       |       |       |    20 |       ||    20
       Potion            |       |       |       |     3 |       ||     3
 Stab: Held in net/web   |       |       |     2 |       |       ||     2
       Paralysed         |       |       |       |     9 |       ||     9
       Sleeping          |       |       |       |     4 |       ||     4
       Distracted        |       |       |       |     8 |       ||     8
Armor: Leather armour    |    19 |       |       |    14 |       ||    33
       Ring mail         |     6 |    26 |    45 |    13 |       ||    90
       Scale mail        |       |       |       |    32 |       ||    32
       Pearl dragon scal |       |       |       |    35 |     6 ||    41
Dodge: Dodged            |    63 |    54 |   205 |   589 |    15 ||   926
Block: Buckler           |       |       |       |    58 |       ||    58

Table legend: (Time is in decaauts)
 A = Elapsed time spent in this place.
 B = Non-inter-level travel time spent in this place.
 C = Inter-level travel time spent in this place.
 D = Time resting spent in this place.
 E = Time spent auto-exploring this place.
 F = Levels seen in this place.
 G = Mean time per level.
                   A        B        C        D        E       F      G
               +--------+--------+--------+--------+--------+-----+--------+
         Total |  17852 |  17018 |    834 |   3368 |  10408 |  15 | 1190.1 |
       Dungeon |  16385 |  15614 |    771 |   2793 |   9964 |  12 | 1365.4 |
        Temple |    237 |    199 |     38 |      0 |    188 |   1 |  237.0 |
          Lair |    178 |    154 |     24 |      0 |    135 |   1 |  178.0 |
        Bailey |   1051 |   1051 |      0 |    575 |    120 |   1 | 1051.0 |
               +--------+--------+--------+--------+--------+-----+--------+

Top non-repeatable levels by time:
    D:11: 2351 daAuts
     D:9: 1863 daAuts
     D:5: 1820 daAuts
    D:10: 1710 daAuts
     D:4: 1542 daAuts
     D:2: 1507 daAuts
     D:3: 1177 daAuts
     D:8: 1172 daAuts
     D:7: 1165 daAuts
  Bailey: 1051 daAuts
     D:6: 954 daAuts
    D:12: 571 daAuts
     D:1: 547 daAuts
  Temple: 237 daAuts
  Lair:1: 178 daAuts
